 Dungeon Crawl Stone Soup version 0.23.2-30-g0e89c35649 (webtiles) character file.

Game seed: 8824417604765756886

24758 Mrkan the Basher (level 13, -14/86 HPs)
             Began as a Gargoyle Fighter on June 23, 2019.
             Was an Initiate of Gozag.
             Killed from afar by a fire dragon (23 damage)
             ... with a blast of flame
             ... on level 2 of the Lair of Beasts.
             The game lasted 00:30:41 (11765 turns).

Mrkan the Basher (Gargoyle Fighter)                Turns: 11765, Time: 00:30:41

Health: -14/86     AC: 28    Str: 24    XL:     13   Next: 15%
Magic:  13/13      EV:  7    Int:  9    God:    Gozag
Gold:   3051       SH: 13    Dex: 13    Spells: 12/12 levels left

rFire    . . .     SeeInvis .   y - +3 morningstar (protect)
rCold    . . .     Gourm    .   c - +0 shield
rNeg     + . .     Faith    .   m - +0 plate armour
rPois    ∞         Spirit   .   B - +2 helmet
rElec    +         Reflect  .   G - +2 cloak
rCorr    .         Harm     .   n - +0 pair of gloves
MR       .....     Clarity  +   (no boots)
Stlth    ..........             (no amulet)
HPRegen  0.24/turn              O - ring of flight
MPRegen  0.13/turn              L - +3 ring of strength

@: no status effects
A: hooves 1, clarity, negative energy resistance 1, electricity resistance,
unbreathing, petrification resistance, rot immunity, AC +9
a: Potion Petition, Call Merchant, Bribe Branch, Renounce Religion, Evoke Flight


You were on level 2 of the Lair of Beasts.
You worshipped Gozag.
Gozag was most pleased with you.
You were not hungry.

You visited 2 branches of the dungeon, and saw 16 of its levels.

You collected 3484 gold pieces.
You spent 407 gold pieces at shops.
You paid 26 gold pieces to Gozag.

Inventory:

Hand Weapons
 y - a +3 morningstar of protection (weapon)
Armour
 c - a +0 shield (worn)
 m - a +0 plate armour (worn)
 n - a +0 pair of gloves (worn)
 v - a scarf of cloud immunity
 B - a +2 helmet (worn)
 G - a +2 cloak (worn)
 P - a +1 cloak
Jewellery
 u - an uncursed ring of positive energy
 H - a +3 ring of slaying {unknown}
 L - a +3 ring of strength (right hand)
 O - a ring of flight (left hand)
Wands
 w - a wand of disintegration (14)
 x - a wand of scattershot (6)
 C - a wand of acid (13)
 E - a wand of polymorph (11)
 F - a wand of flame (12)
 J - a wand of random effects (22)
 K - a wand of iceblast (12)
 M - a wand of enslavement (7)
 Q - a wand of paralysis (5)
Scrolls
 d - 2 scrolls of fear
 e - a scroll of amnesia
 j - 4 scrolls of remove curse
 l - 2 scrolls of enchant weapon
 o - 2 scrolls of enchant armour
 q - a scroll of noise
 s - 7 scrolls of teleportation
 z - a scroll of magic mapping
 A - a scroll of holy word
 I - a scroll of immolation {unknown}
Potions
 a - a potion of heal wounds
 b - 2 potions of agility
 g - 15 potions of curing
 i - 7 potions of brilliance
 k - 2 potions of lignification
 p - a potion of flight
 r - a potion of magic
 t - a potion of haste {unknown}
 D - a potion of degeneration
 N - a potion of ambrosia {unknown}
Miscellaneous
 h - a lamp of fire
Comestibles
 f - 12 rations


   Skills:
 - Level 12.0 Fighting
 * Level 14.9 Maces & Flails
 - Level 3.2 Armour
 + Level 1.6 Dodging
 + Level 12.2 Shields


You had 12 spell levels left.
You didn't know any spells.
Your spell library contained the following spells:

 Spells                   Type           Power        Failure   Level  Hunger
 Animate Skeleton         Necr           N/A          100%        1    ##.....
 Flame Tongue             Conj/Fire      #....        100%        1    ##.....
 Magic Dart               Conj           #...         100%        1    ##.....
 Pain                     Necr           #...         100%        1    ##.....
 Sandblast                Erth           #.....       100%        1    ##.....
 Summon Small Mammal      Summ           #...         100%        1    ##.....
 Blink                    Tloc           N/A          100%        2    ###....
 Call Imp                 Summ           #.......     100%        2    ###....
 Passwall                 Tmut/Erth      #.......     100%        2    ###....
 Searing Ray              Conj           #.....       100%        2    ###....
 Slow                     Hex            #.......     100%        2    ###....
 Throw Flame              Conj/Fire      #.....       100%        2    ###....
 Call Canine Familiar     Summ           #.......     100%        3    ####...
 Conjure Flame            Conj/Fire      #.......     100%        3    ####...
 Dazzling Spray           Conj/Hex       #.....       100%        3    ####...
 Inner Flame              Hex/Fire       #.......     100%        3    ####...
 Mephitic Cloud           Conj/Pois/Air  #.......     100%        3    ####...
 Regeneration             Chrm/Necr      #.........   100%        3    ####...
 Stone Arrow              Conj/Erth      #.....       100%        3    ####...
 Summon Guardian Golem    Hex/Summ       #.......     100%        3    ####...
 Vampiric Draining        Necr           #.........   100%        3    ####...
 Animate Dead             Necr           N/A          100%        4    #####..
 Force Lance              Conj/Tloc      #.......     100%        4    #####..
 Fulminant Prism          Conj/Hex       #.........   100%        4    #####..
 Iskenderun's Mystic Bla  Conj           #.......     100%        4    #####..
 Petrify                  Tmut/Erth      #.......     100%        4    #####..
 Sticky Flame             Conj/Fire      #.......     100%        4    #####..
 Summon Ice Beast         Ice/Summ       #.......     100%        4    #####..
 Summon Lightning Spire   Summ/Air       #.......     100%        4    #####..
 Fireball                 Conj/Fire      #.........   100%        5    ######.
 Lee's Rapid Deconstruct  Erth           #.........   100%        5    ######.


Dungeon Overview and Level Annotations

Branches:
Dungeon (14/15)            Temple (0/1) D:6            Lair (2/6) D:11
 Shoals (0/4) Lair:2          Orc (0/2) D:9
  Snake: Lair:2-4    Spider: Lair:2-4    Vaults: D:13-14

Altars:
Elyvilon
Fedhas
Gozag
Okawaru
Qazlal
Ru
Uskayaw
Vehumet
Zin

Shops:
D:5 [(!:   D:7 [   D:9 *   D:10 [

Annotations:
D:6 3 runed translucent doors, Artanis's ghost, novice HOFi; straszyg's ghost, novice FoFi


Innate Abilities, Weirdness & Mutations

You are resistant to torment.
Your stone body is resilient. (AC +9)
You are immune to poison.
You resist negative energy. (rN+)
You are resistant to electric shocks. (rElec)
You can survive without breathing.
You are immune to petrification.
You are immune to rotting.
You have large cloven feet.
You possess an exceptional clarity of mind.


Message History

The fire dragon tramples you but does no damage.
The fire dragon barely misses you. The fire dragon closely misses you.
You block the fire dragon's attack. The fire dragon bites you!
The fire dragon claws you but does no damage.
The fire dragon tramples you but does no damage.
The fire dragon breathes flames at you. The blast of flame hits you!!
* * * LOW HITPOINT WARNING * * *
The fire dragon bites you but does no damage.
You block the fire dragon's attack. The fire dragon barely misses you.
The fire dragon bites you but does no damage.
The fire dragon claws you but does no damage.
The fire dragon tramples you.
* * * LOW HITPOINT WARNING * * *
You stumble backwards!
The fire dragon breathes flames at you. The blast of flame hits you!!
You die...
Your body crumbles into a pile of gold.

##......#P# #.##
##.......####### #.#
##............# #.#
##........##.####.#
##.......##.##...# ##
######.......##.D.D###
.####P#P.###.....#######
.#.##...........D#######
................@......#
......................##
......................>.
........................
.............##.........
.≈≈.≈........#.<.......P
≈≈≈≈≈≈..P.P........#..##
≈≈≈≈≈≈...#.........####
≈≈≈≈≈≈≈.##........##


You could see a fire dragon.

Vanquished Creatures
  An ogre mage (D:14)
  Harold (D:7)
  A death knight (D:10)
  4 two-headed ogres (D:14)
  An unseen horror (D:10)
  Pikel (D:7)
  Maurice (D:9)
  Psyche (D:9)
  A black mamba (Lair:1)
  A centaur skeleton (D:11)
  4 komodo dragons
  2 trolls (D:9)
  4 blink frogs (Lair:2)
  A hippogriff (Lair:1)
  A shadow (D:11)
  2 wyverns
  37 yaks
  4 basilisks
  3 hungry ghosts
  An acid dragon (D:11)
  6 water moccasins
  6 porcupines
  6 orc warriors
  4 ice beasts
  3 sky beasts
  2 black bears
  4 wolves (Lair:1)
  7 ogres
  2 eyes of draining
  2 phantoms
  A necrophage (D:10)
  17 centaurs
  3 crocodiles
  A gnoll sergeant (D:6)
  18 bullfrogs
  3 scorpions
  5 howler monkeys
  2 crimson imps
  A quasit (D:12)
  3 hounds
  3 jellies
  3 orc priests
  8 orc wizards
  Jessica (D:3)
  2 bullfrog skeletons
  3 iguanas
  6 hell rats (Lair:1)
  8 worker ants
  2 hound zombies
  A hound skeleton (D:4)
  A howler monkey zombie (D:5)
  10 adders
  5 gnolls
  15 river rats (Lair:1)
  4 shadow imps
  An ooze (D:5)
  7 worms
  3 dart slugs
  6 leopard geckos
  53 orcs
  3 ball pythons
  6 bats
  5 giant cockroaches
  10 goblins
  11 hobgoblins
  2 jackals (D:2)
  15 quokkas
  3 frilled lizards
  8 kobolds
  A quokka zombie (D:6)
  24 rats
398 creatures vanquished.

Vanquished Creatures (others)
  An unseen horror (D:11)
  A sky beast (D:11)
  An ogre (D:7)
  A centaur (D:7)
  A bullfrog (D:7)
  A worker ant (D:7)
6 creatures vanquished.

Grand Total: 404 creatures vanquished

Notes
Turn   | Place    | Note
-------+----------+-------------------------------------------
     0 | D:1      | Mrkan the Gargoyle Fighter began the quest for the Orb.
     0 | D:1      | Reached XP level 1. HP: 14/14 MP: 1/1
    70 | D:1      | Reached XP level 2. HP: 5/19 MP: 2/2
   441 | D:1      | Reached XP level 3. HP: 15/23 MP: 3/3
   729 | D:2      | Reached skill level 3 in Maces & Flails
   948 | D:2      | Found a glowing silver altar of Zin.
   949 | D:2      | Found an opulent altar of Gozag.
  1014 | D:2      | Reached XP level 4. HP: 21/29 MP: 4/4
  1854 | D:3      | Reached XP level 5. HP: 24/33 MP: 5/5
  1878 | D:3      | Noticed Jessica
  1885 | D:3      | Killed Jessica
  1885 | D:3      | Reached skill level 4 in Maces & Flails
  1920 | D:3      | Noticed a centaur
  1944 | D:3      | Killed a centaur
  1944 | D:3      | Reached XP level 6. HP: 13/39 MP: 6/6
  2241 | D:3      | Noticed a black bear
  2254 | D:3      | Killed a black bear
  2254 | D:3      | Reached skill level 5 in Maces & Flails
  2517 | D:2      | Became a worshipper of Gozag Ym Sagoz the Greedy
  2628 | D:4      | Found a stormy altar of Qazlal.
  2678 | D:4      | Reached skill level 5 in Fighting
  2848 | D:4      | Reached skill level 5 in Shields
  2848 | D:4      | Reached XP level 7. HP: 43/44 MP: 7/7
  2984 | D:4      | Found an iron altar of Okawaru.
  3096 | D:5      | Entered Level 5 of the Dungeon
  3143 | D:5      | Found a sacrificial altar of Ru.
  3178 | D:5      | Reached skill level 6 in Maces & Flails
  3229 | D:5      | Found Wuxolepn's Book Shop.
  3237 | D:5      | Found Zemy's Distillery.
  3281 | D:5      | Bought a potion of lignification for 33 gold pieces
  3281 | D:5      | Bought a potion of curing for 33 gold pieces
  3326 | D:5      | Found Ihorr's Weapon Emporium.
  3351 | D:5      | Bought a +2 morningstar of protection for 201 gold pieces
  3777 | D:5      | Found Zomor's Armour Shop.
  3823 | D:5      | Reached XP level 8. HP: 43/51 MP: 8/8
  4279 | D:6      | Reached skill level 7 in Maces & Flails
  4518 | D:6      | Found a runed translucent gate.
  4518 | D:6      | Found a runed translucent gate.
  4519 | D:6      | Found a runed translucent gate.
  4623 | D:6      | Noticed Artanis's ghost (novice HOFi)
  4623 | D:6      | Noticed straszyg's ghost (novice FoFi)
  4730 | D:6      | Reached skill level 8 in Maces & Flails
  4820 | D:6      | Reached XP level 9. HP: 49/57 MP: 9/9
  4873 | D:6      | Found a staircase to the Ecumenical Temple.
  4914 | D:6      | Found a white marble altar of Elyvilon.
  5137 | D:7      | Noticed Pikel
  5168 | D:7      | Killed Pikel
  5168 | D:7      | Reached skill level 9 in Maces & Flails
  5438 | D:7      | Found a blossoming altar of Fedhas.
  5498 | D:7      | Noticed Harold
  5529 | D:7      | Killed Harold
  5529 | D:7      | Reached skill level 10 in Maces & Flails
  5529 | D:7      | Reached XP level 10. HP: 38/65 MP: 10/10
  5965 | D:7      | Found Rolefy's Armour Emporium.
  5993 | D:7      | Gained mutation: You possess an exceptional clarity of
                  | mind. [potion of mutation]
  5993 | D:7      | Gained mutation: You have large cloven feet. [potion of
                  | mutation]
  6215 | D:8      | Found a hide-covered altar of Uskayaw.
  6216 | D:8      | Noticed a +0 hand axe
  6216 | D:8      | Noticed a +0 dagger
  6342 | D:8      | Found a radiant altar of Vehumet.
  6885 | D:9      | Found Ygithraf's General Store.
  6888 | D:9      | Bought a ration for 70 gold pieces
  6888 | D:9      | Bought a ration for 70 gold pieces
  6947 | D:9      | Reached skill level 11 in Maces & Flails
  6966 | D:9      | Noticed Psyche
  6974 | D:9      | Killed Psyche
  7211 | D:9      | Reached XP level 11. HP: 71/71 MP: 11/11
  7221 | D:9      | Found a staircase to the Orcish Mines.
  7357 | D:9      | Noticed Maurice
  7375 | D:9      | Killed Maurice
  7513 | D:10     | Entered Level 10 of the Dungeon
  7608 | D:10     | Found Rioti's Armour Shop.
  7643 | D:10     | Reached skill level 12 in Maces & Flails
  7662 | D:10     | Noticed a death knight
  7664 | D:10     | Reached skill level 10 in Fighting
  7676 | D:10     | Killed a death knight
  7676 | D:10     | Reached skill level 10 in Shields
  8556 | D:10     | Killed an unseen horror
  8790 | D:11     | Killed an unseen horror
  8969 | D:11     | You fall through a shaft for 3 floors!
  8969 | D:14     | Noticed a two-headed ogre
  8970 | D:14     | Noticed an ogre mage
  8970 | D:14     | Noticed a two-headed ogre
  8970 | D:14     | Noticed a two-headed ogre
  8970 | D:14     | Noticed a two-headed ogre
  8985 | D:14     | Paralysed by an ogre mage for 6 turns
  8993 | D:14     | Killed an ogre mage
  9001 | D:14     | Killed a two-headed ogre
  9001 | D:14     | Reached skill level 13 in Maces & Flails
  9007 | D:14     | Killed a two-headed ogre
  9007 | D:14     | Reached XP level 12. HP: 29/79 MP: 12/12
  9010 | D:14     | Killed a two-headed ogre
  9034 | D:14     | Killed a two-headed ogre
  9620 | D:11     | Found a staircase to the Lair.
  9714 | Lair:1   | Entered Level 1 of the Lair of Beasts
 10163 | Lair:1   | Reached skill level 14 in Maces & Flails
 10936 | Lair:2   | Reached XP level 13. HP: 68/86 MP: 13/13
 10962 | Lair:2   | Found a staircase to the Shoals.
 11003 | Lair:2   | Reached skill level 1 in Dodging
 11501 | Lair:2   | Noticed a fire dragon
 11765 | Lair:2   | Killed from afar by a fire dragon

Skill      XL: |  1  2  3  4  5  6  7  8  9 10 11 12 13 |
---------------+----------------------------------------+-----
Maces & Flails | 3 4 5 6 8 10 11 13 14 | 14.9
Fighting       | 4 5 7 8 9 10 12 | 12.0
Shields        | 4 5 6 8 9 10 12 | 12.2
Dodging        | 1 |  1.6
Armour         | |  3.2

Action                   |  1- 3 |  4- 6 |  7- 9 | 10-12 | 13-15 || total
-------------------------+-------+-------+-------+-------+-------++-------
Melee: Flail             |   134 |   255 |    90 |       |       ||   479
       Morningstar       |       |       |   245 |   804 |    76 ||  1125
       Kick              |       |       |       |   267 |    23 ||   290
Evoke: Wand              |       |       |       |       |     1 ||     1
  Use: Potion            |       |     1 |     1 |    10 |       ||    12
       Scroll            |       |       |     2 |    16 |       ||    18
 Stab: Distracted        |       |       |     1 |     3 |       ||     4
  Eat: Chunk             |       |     6 |       |       |       ||     6
       Ration            |       |       |     3 |     6 |     1 ||    10
Armor: Scale mail        |   124 |   145 |   178 |    57 |       ||   504
       Skin              |       |       |     5 |       |       ||     5
       Plate armour      |       |       |       |   506 |    57 ||   563
Dodge: Dodged            |    74 |    88 |    86 |   130 |    16 ||   394
Block: Shield            |   104 |   168 |   194 |   522 |    49 ||  1037
